 Dungeon Crawl Stone Soup version 0.20.0-15-g7f486f2 (webtiles) character file.

171 Omegatherion the Skirmisher (level 5, 0/34 HPs)
             Began as a Gargoyle Fighter on June 29, 2017.
             Slain by Edmund
             ... wielding a +1 dire flail of crushing
              (1 damage)
             ... on level 4 of the Dungeon.
             The game lasted 00:04:53 (3017 turns).

Omegatherion the Skirmisher (Gargoyle Fighter)      Turns: 3017, Time: 00:04:54

Health: 0/34       AC: 13    Str: 20    XL:     5   Next: 51%
Magic:  5/5        EV:  7    Int:  9    God:
Gold:   227        SH:  9    Dex:  9    Spells: 4/4 levels left

rFire    . . .     SeeInvis .   a - +0 flail
rCold    . . .     Gourm    .   c - +0 shield
rNeg     + . .     Faith    .   b - +0 scale mail
rPois    ∞         Spirit   .   k - +0 helmet
rElec    +         Reflect  .   (no cloak)
rCorr    +         Harm     .   e - +0 pair of gloves
MR       .....                  (no boots)
Stlth    ..........             (no amulet)
Regen    0.2/turn               i - ring of resist corrosion
MPRegen  0.1/turn               (no ring)

@: no status effects
A: negative energy resistance 1, electricity resistance, unbreathing,
petrification resistance, rot immunity, AC +4
a: no special abilities


You were on level 4 of the Dungeon.
You were not hungry.

You visited 1 branch of the dungeon, and saw 4 of its levels.

You collected 227 gold pieces.

Inventory:

Hand Weapons
 a - a +0 flail (weapon)
Armour
 b - a +0 scale mail (worn)
 c - a +0 shield (worn)
 e - a +0 pair of gloves (worn)
 k - a +0 helmet (worn)
Jewellery
 i - a ring of resist corrosion (left hand)
Wands
 y - a wand of confusion (28/48)
Scrolls
 j - a scroll of noise
 p - 2 scrolls of teleportation
 t - a scroll of random uselessness
 v - 2 scrolls of immolation
Potions
 d - a potion of might
 n - 2 potions of heal wounds {unknown}
 o - a potion of brilliance {unknown}
 q - a potion of curing {unknown}
 s - a potion of lignification {unknown}
Comestibles
 f - 3 bread rations
 h - 2 meat rations
 l - a royal jelly
 w - 4 fruits


   Skills:
 + Level 4.7 Fighting
 + Level 3.1 Maces & Flails
 - Level 3.6 Armour
 + Level 4.6 Shields


You had 4 spell levels left.
You didn't know any spells.

Dungeon Overview and Level Annotations

Branches:
Dungeon (4/15)
 Temple: D:4-7

Altars:

Annotations:
D:4 Edmund


Innate Abilities, Weirdness & Mutations

You are resistant to torment.
Your stone body is resilient. (AC +4)
You are immune to poison.
You resist negative energy. (rN+)
You are resistant to electric shocks. (rElec)
You can survive without breathing.
You are immune to petrification.
You are immune to rotting.


Message History

Edmund hits you but does no damage.
You barely miss Edmund.
Edmund is severely wounded.
Edmund hits you but does no damage.
Your scale mail prevents you from hitting Edmund.
Edmund is severely wounded.
Edmund hits you but does no damage.
You miss Edmund.
Edmund is severely wounded.
Edmund hits you with a dire flail of crushing.
* * * LOW HITPOINT WARNING * * *
x2 You block Edmund's attack.
You closely miss Edmund.
Edmund is severely wounded.
Edmund hits you but does no damage.
Your scale mail prevents you from hitting Edmund.
Edmund is severely wounded.
Edmund hits you with a dire flail of crushing.
* * * LOW HITPOINT WARNING * * *
You die...

###### #....+
#....# #.... #...
#..# #@.#
###########@.#
#........#...#
#........#...+
######'####..#
#.####.####..###
.........)......#
........)))...<.#
................#
................#


You could see Edmund.

Vanquished Creatures
  An orc wizard (D:4)
  6 adders
  2 oozes
  3 worms
  4 dart slugs
  A leopard gecko (D:2)
  3 orcs (D:4)
  7 bats
  3 giant cockroaches
  4 goblins
  6 hobgoblins
  7 jackals
  2 frilled lizards (D:1)
  6 kobolds
  8 rats
63 creatures vanquished.

Notes
Turn   | Place    | Note
-------+----------+-------------------------------------------
     0 | D:1      | Omegatherion the Gargoyle Fighter began the quest for the Orb.
     0 | D:1      | Reached XP level 1. HP: 14/14 MP: 1/1
    48 | D:1      | Reached XP level 2. HP: 18/19 MP: 2/2
   252 | D:1      | Reached XP level 3. HP: 24/24 MP: 3/3
   991 | D:2      | Reached XP level 4. HP: 17/29 MP: 4/4
  2296 | D:3      | Reached XP level 5. HP: 34/34 MP: 5/5
  2992 | D:4      | Noticed Edmund
  3017 | D:4      | HP: 1/34 [Edmund/dire flail of crushing (3)]
  3017 | D:4      | Slain by Edmund

Skill      XL: |  1  2  3  4  5 |
---------------+----------------+-----
Shields        | 4 |  4.6
Fighting       | 4 |  4.7
Maces & Flails | 3 |  3.1
Armour         | |  3.6

Action                   |  1- 3 |  4- 6 || total
-------------------------+-------+-------++-------
Melee: Flail             |   118 |   203 ||   321
  Use: Scroll            |       |     7 ||     7
  Eat: Chunk             |       |     7 ||     7
Armor: Scale mail        |    80 |   135 ||   215
Dodge: Dodged            |    59 |    41 ||   100
Block: Shield            |    62 |   110 ||   172
